Avalanche vs Rangers

Created - 7 octobre 2022 at 12:22

Simulating a Pre-Season

Goals
1 2 3 OT1 SO T
Avalanche 0 1 0 0 0 1
Rangers 1 0 0 0 1 2
Shots
1 2 3 OT1 SO T
Avalanche 1 18 10 0 3 29
Rangers 7 13 12 0 2 32

GoalsPenalties
1st period
1. Rangers , Brayden Schenn 2 (Roope Hintz 4) at 5:29
Mathieu Joseph (COL) for Elbowing (Minor) at 2:00
2nd period
2. Avalanche , Josh Anderson 6 (Andrew Copp 9, Mathieu Joseph 6) at 1:40
3rd period
No Goal
Nazem Kadri (NYR) for Holding (Minor) at 15:11
Overtime #1
No Goal
Shootout
Avalanche, Brayden Point - Shot Misses the Net
Rangers, Jason Spezza - Stopped by Thatcher Demko
Avalanche, Andrew Copp - Shot Misses the Net
Rangers, Kyle Connor - Goal!
Avalanche, Ivan Barbashev - Stopped by Frederik Andersen
Goalie Stats
Thatcher Demko (COL), 31 saves from 32 shots - (0,969), OTL, 5-5-1, 65:00 minutes
Frederik Andersen (NYR), 28 saves from 29 shots - (0,966), W, 9-4-0, 65:00 minutes
3 StarsOfficial
1 - Thatcher Demko (COL)
2 - Frederik Andersen (NYR)
3 - Josh Anderson (COL)
Referees : Dan O'Rourke and Dean Morton
Linesman : Brent Hooks and Kiel Murchison
Game Note
No Game Note



Team Name Goals Shots Shots Attemp Shots Blocked PIM HIT PP PK FO%
Avalanche 12951112130 / 1 (0%)048%
Rangers 23261102170 / 1 (0%)052%

Avalanche
Player Name POS G A P +/- PIM HIT SHT SB MP PP MP PP SHT PK MP PK SHT FO% FOT GA TA
Alexander BarabanovLW/RW0000002010:130:0100:0000% 100
Andrew CoppC/LW0111013118:420:5600:39061% 2300
Brayden PointC/LW/RW0000002120:461:0200:27060% 1500
Gustav ForslingD0000000023:101:0100:4200% 000
Ilya MikheyevLW/RW0000036021:141:0201:0400% 020
Ivan BarbashevC/LW0000002018:351:0200:0000% 100
Josh AndersonLW/RW1011024016:240:5600:0000% 120
Mason AppletonC/LW/RW000000209:130:0000:0000% 210
Mathieu JosephC/LW/RW0111201118:350:5600:0000% 110
Matt RoyD0000012218:310:0000:4200% 000
Nicolas RoyC/RW000-1011015:150:0101:09029% 700
Nino NiederreiterLW/RW000-1010015:060:0000:0000% 001
Radko GudasD000-1020116:570:0001:1700% 001
Ryan McDonaghD0001001124:190:5801:1700% 004
Sammy BlaisLW/RW000001209:500:0100:0000% 110
Samuel GirardD000-1000218:210:5800:0000% 010
Sean DurziD0001011221:061:0100:0000% 000
Zach PariseLW/RW000-1000014:160:0000:3900% 020
Rangers
Player Name POS G A P +/- PIM HIT SHT SB MP PP MP PP SHT PK MP PK SHT FO% FOT GA TA
Adam PelechD0001000123:020:5701:0900% 003
Arthur KaliyevLW/RW000000001:090:0000:0000% 000
Brayden SchennC/LW/RW1010003019:560:5300:4600% 020
Caleb JonesD0000000015:180:0000:0000% 000
Carter VerhaegheC/LW0000022012:520:0000:0000% 100
Erik KarlssonD0001011125:011:0200:5000% 000
Jason SpezzaC/RW0000001012:160:0000:00060% 501
Joe PavelskiC/LW/RW0000002119:391:0600:0700% 020
Jordan KyrouC/RW0000022020:100:5300:00050% 200
Kyle ConnorC/LW0000003022:001:0610:4700% 221
Nazem KadriC/LW/RW0000226221:301:0610:00061% 2800
Nick JensenD0000010015:560:0001:0900% 000
Noah DobsonD000-1020220:411:0200:0000% 001
Philip TomasinoC0000011012:120:0000:0000% 000
Rasmus AnderssonD000-1012222:440:5700:5000% 004
Riley SheahanC/LW000001219:270:0000:59050% 400
Roope HintzC/LW/RW0110034018:390:5300:00033% 900
Tyler MotteC/LW000001009:320:0000:590100% 100
Vinnie HinostrozaC/LW/RW000000309:320:0000:2000% 000

Avalanche

5 vs 5 Forward
Line #Left WingCenterRight WingPHYDFOFWanted %Time %Time Play
1Ivan BarbashevBrayden PointIlya Mikheyev0233532%17:44
2Josh AndersonAndrew CoppMathieu Joseph0233229%16:17
3Zach PariseNicolas RoyNino Niederreiter0322823%12:52
4Alexander BarabanovMason AppletonSammy Blais032516%9:09
5 vs 5 Defense
Line #DefenseDefensePHYDFOFWanted %Time %Time Play
1Ryan McDonaghSean Durzi0323537%20:32
2Gustav ForslingMatt Roy0323233%18:19
3Radko GudasSamuel Girard0322827%14:53
4Gustav ForslingSamuel Girard03254%2:18
Power Play Forward
Line #Left WingCenterRight WingPHYDFOFWanted %Time %Time Play
1Ivan BarbashevBrayden PointIlya Mikheyev0236053%1:03
2Josh AndersonAndrew CoppMathieu Joseph0234047%0:56
Power Play Defense
Line #DefenseDefensePHYDFOFWanted %Time %Time Play
1Gustav ForslingSean Durzi0236051%1:01
2Ryan McDonaghSamuel Girard0234049%0:58
Penalty Kill 4 Players Forward
Line #CenterWingPHYDFOFWanted %Time %Time Play
1Nicolas RoyMathieu Joseph1226067%1:20
2Andrew CoppZach Parise1224033%0:39
Penalty Kill 4 Players Defense
Line #DefenseDefensePHYDFOFWanted %Time %Time Play
1Ryan McDonaghRadko Gudas1226065%1:17
2Gustav ForslingMatt Roy1224035%0:42
Penalty Kill 3 Players
Line #WingPHYDFOFWanted %Time %Time PlayDefenseDefensePHYDFOFWanted %Time %Time Play
1Andrew Copp122600%0:00 Ryan McDonaghRadko Gudas122600%0:00
2Nicolas Roy122400%0:00 Gustav ForslingMatt Roy122400%0:00
4 vs 4 Forward
Line #CenterWingPHYDFOFWanted %Time %Time Play
1Andrew CoppNino Niederreiter122600%0:00
2Brayden PointMathieu Joseph122400%0:00
4 vs 4 Defense
Line #DefensePHYDFOFWanted %Time %Time Play
1Ryan McDonaghRadko Gudas122600%0:00
2Gustav ForslingMatt Roy122400%0:00
Last Minutes Offensive
Left WingCenterRight WingDefenseDefense
Andrew CoppBrayden PointZach PariseRyan McDonaghRadko Gudas
Last Minutes Defensive
Left WingCenterRight WingDefenseDefense
Andrew CoppBrayden PointZach PariseRyan McDonaghRadko Gudas
Time
Total ForwardTotal DefenseLast Minutes OffensiveLast Minutes Defensive
60:00 60:00 0:000:00
Extra Forwards
Normal PowerPlayPenalty Kill
Nino Niederreiter, Zach Parise, Alexander BarabanovAlexander Barabanov, Mathieu JosephIlya Mikheyev
Extra Defensemen
Normal PowerPlayPenalty Kill
Gustav Forsling, Samuel Girard, Ryan McDonaghSean Durzi, Samuel GirardRadko Gudas
Penalty Shots
Brayden Point, Andrew Copp, Ivan Barbashev, Zach Parise, Ilya Mikheyev
Goalie
Thatcher Demko, Vitek Vanecek
Custom OT Lines Forwards
Brayden Point, Mathieu Joseph, Andrew Copp, Ilya Mikheyev, Nicolas Roy, Nino Niederreiter, Ivan Barbashev, Zach Parise, Mason Appleton, Josh Anderson
Custom OT Lines Defensemen
Ryan McDonagh, Radko Gudas, Gustav Forsling, Matt Roy, Sean Durzi
Scratches
John Klingberg (Healthy), Josh Leivo (Healthy)

Rangers

5 vs 5 Forward
Line #Left WingCenterRight WingPHYDFOFWanted %Time %Time Play
1Kyle ConnorNazem KadriJordan Kyrou1224033%18:29
2Brayden SchennRoope HintzJoe Pavelski1223030%16:54
3Carter VerhaegheJason SpezzaPhilip Tomasino1222022%12:17
4Tyler MotteRiley SheahanVinnie Hinostroza1221015%8:22
5 vs 5 Defense
Line #DefenseDefensePHYDFOFWanted %Time %Time Play
1Erik KarlssonAdam Pelech1224038%21:27
2Rasmus AnderssonNoah Dobson1223536%20:16
3Nick JensenCaleb Jones1222526%14:19
4Erik KarlssonRasmus Andersson12200%0:00
Power Play Forward
Line #Left WingCenterRight WingPHYDFOFWanted %Time %Time Play
1Kyle ConnorNazem KadriJoe Pavelski1226055%1:06
2Brayden SchennRoope HintzJordan Kyrou1224045%0:53
Power Play Defense
Line #DefenseDefensePHYDFOFWanted %Time %Time Play
1Erik KarlssonNoah Dobson1226052%1:02
2Adam PelechRasmus Andersson1224048%0:57
Penalty Kill 4 Players Forward
Line #CenterWingPHYDFOFWanted %Time %Time Play
1Riley SheahanTyler Motte1226087%1:44
2Brayden SchennKyle Connor1224013%0:15
Penalty Kill 4 Players Defense
Line #DefenseDefensePHYDFOFWanted %Time %Time Play
1Adam PelechNick Jensen1226058%1:09
2Erik KarlssonRasmus Andersson1224042%0:50
Penalty Kill 3 Players
Line #WingPHYDFOFWanted %Time %Time PlayDefenseDefensePHYDFOFWanted %Time %Time Play
1Riley Sheahan122600%0:00 Adam PelechNick Jensen122600%0:00
2Tyler Motte122400%0:00 Erik KarlssonRasmus Andersson122400%0:00
4 vs 4 Forward
Line #CenterWingPHYDFOFWanted %Time %Time Play
1Nazem KadriRoope Hintz122600%0:00
2Brayden SchennKyle Connor122400%0:00
4 vs 4 Defense
Line #DefensePHYDFOFWanted %Time %Time Play
1Nick JensenRasmus Andersson122600%0:00
2Adam PelechCaleb Jones122400%0:00
Last Minutes Offensive
Left WingCenterRight WingDefenseDefense
Kyle ConnorNazem KadriRoope HintzErik KarlssonRasmus Andersson
Last Minutes Defensive
Left WingCenterRight WingDefenseDefense
Tyler MotteRiley SheahanBrayden SchennAdam PelechNick Jensen
Time
Total ForwardTotal DefenseLast Minutes OffensiveLast Minutes Defensive
60:00 60:00 0:000:00
Extra Forwards
Normal PowerPlayPenalty Kill
Joe Pavelski, Nazem Kadri, Kyle ConnorCarter Verhaeghe, Philip TomasinoBrayden Schenn
Extra Defensemen
Normal PowerPlayPenalty Kill
Noah Dobson, Nick Jensen, Caleb JonesNoah Dobson, Noah DobsonNick Jensen
Penalty Shots
Jason Spezza, Kyle Connor, Riley Sheahan, Joe Pavelski, Vinnie Hinostroza
Goalie
Frederik Andersen, Philipp Grubauer
Custom OT Lines Forwards
Nazem Kadri, Kyle Connor, Brayden Schenn, Joe Pavelski, Roope Hintz, Jordan Kyrou, Carter Verhaeghe, Jason Spezza, Riley Sheahan, Tyler Motte
Custom OT Lines Defensemen
Erik Karlsson, Rasmus Andersson, Adam Pelech, Noah Dobson, Nick Jensen
Scratches
None


Play-by-Play

1st period


0:01 of 1st period - Brayden Point wins face-off versus Nazem Kadri in neutral zone.
1:39 of 1st period - Snap shot by Ivan Barbashev.
1:39 of 1st period - Shot Blocked by Rasmus Andersson.
1:41 of 1st period - Slapshot by Matt Roy.
1:41 of 1st period - Shot Misses the Net.
2:00 of 1st period - Minor Penalty to Mathieu Joseph for Elbowing.
2:01 of 1st period - Nazem Kadri wins face-off versus Nicolas Roy in Avalanche zone.
2:13 of 1st period - Wrist shot by Nazem Kadri.
2:13 of 1st period - Stopped by Thatcher Demko with a rebound.
2:15 of 1st period - Snap shot by Kyle Connor.
2:15 of 1st period - Stopped by Thatcher Demko without a rebound.
2:16 of 1st period - Nicolas Roy wins face-off versus Nazem Kadri in Avalanche zone.
3:33 of 1st period - Adam Pelech is hit by Radko Gudas and loses puck.
4:00 of 1st period - Penalty to Mathieu Joseph is over, Mathieu Joseph is back on ice.
5:10 of 1st period - Snap shot by Vinnie Hinostroza.
5:10 of 1st period - Shot Misses the Net.
5:15 of 1st period - Icing by Ryan McDonagh.
5:16 of 1st period - Jordan Kyrou wins face-off versus Andrew Copp in Avalanche zone.
5:23 of 1st period - Snap shot by Nazem Kadri.
5:23 of 1st period - Shot Misses the Net.
5:25 of 1st period - Slapshot by Erik Karlsson.
5:25 of 1st period - Shot Misses the Net.
5:27 of 1st period - Slapshot by Erik Karlsson.
5:27 of 1st period - Deflect By Nazem Kadri.
5:27 of 1st period - Stopped by Thatcher Demko without a rebound.
5:28 of 1st period - Roope Hintz wins face-off versus Nicolas Roy in Avalanche zone.
5:29 of 1st period - Slapshot by Brayden Schenn.
5:29 of 1st period - Goal by Brayden Schenn - Avalanche : 0 - Rangers : 1.
5:30 of 1st period - Nicolas Roy wins face-off versus Nazem Kadri in neutral zone.
5:57 of 1st period - Ilya Mikheyev is hit by Roope Hintz and loses puck.
6:06 of 1st period - Snap shot by Roope Hintz.
6:06 of 1st period - Stopped by Thatcher Demko without a rebound.
6:07 of 1st period - Nazem Kadri wins face-off versus Andrew Copp in Avalanche zone.
6:08 of 1st period - Snap shot by Kyle Connor.
6:08 of 1st period - Shot Misses the Net.
6:10 of 1st period - Wrist shot by Jordan Kyrou.
6:10 of 1st period - Shot Misses the Net.
6:12 of 1st period - Slapshot by Nazem Kadri.
6:12 of 1st period - Stopped by Thatcher Demko without a rebound.
6:13 of 1st period - Nazem Kadri wins face-off versus Mathieu Joseph in Avalanche zone.
6:56 of 1st period - Nick Jensen is hit by Sean Durzi and loses puck.
7:32 of 1st period - Snap shot by Nicolas Roy.
7:32 of 1st period - Shot Misses the Net.
7:51 of 1st period - Wrist shot by Nicolas Roy.
7:51 of 1st period - Stopped by Frederik Andersen with a rebound.
9:28 of 1st period - Slapshot by Joe Pavelski.
9:28 of 1st period - Shot Misses the Net.
9:50 of 1st period - Wrist shot by Nino Niederreiter.
9:50 of 1st period - Deflect By Nicolas Roy.
9:50 of 1st period - Shot Misses the Net.
9:50 of 1st period - Puck is out of play.
9:51 of 1st period - Brayden Point wins face-off versus Jordan Kyrou in Rangers zone.
10:07 of 1st period - Snap shot by Ivan Barbashev.
10:07 of 1st period - Shot Blocked by Erik Karlsson.
10:24 of 1st period - Slapshot by Erik Karlsson.
10:24 of 1st period - Shot Blocked by Matt Roy.
11:03 of 1st period - Backhand shot by Nazem Kadri.
11:03 of 1st period - Stopped by Thatcher Demko with a rebound.
11:38 of 1st period - Gustav Forsling is hit by Jordan Kyrou and loses puck.
11:49 of 1st period - Rasmus Andersson is hit by Josh Anderson and loses puck.
12:50 of 1st period - Kyle Connor is hit by Ilya Mikheyev and loses puck.
13:29 of 1st period - Kyle Connor is hit by Sammy Blais and loses puck.
14:58 of 1st period - Alexander Barabanov is hit by Nazem Kadri and loses puck.
18:04 of 1st period - Nicolas Roy is hit by Noah Dobson and loses puck.
19:19 of 1st period - Nazem Kadri is hit by Radko Gudas and loses puck.
19:48 of 1st period - Radko Gudas is hit by Tyler Motte and loses puck.
Goals for this period are 0 for Avalanche vs 1 for Rangers.
Shots for this period are 1 for Avalanche vs 7 for Rangers.

2nd period


0:01 of 2nd period - Nazem Kadri wins face-off versus Brayden Point in neutral zone.
0:33 of 2nd period - Slapshot by Ilya Mikheyev.
0:33 of 2nd period - Stopped by Frederik Andersen with a rebound.
0:55 of 2nd period - Rasmus Andersson is hit by Andrew Copp.
0:59 of 2nd period - Wrist shot by Andrew Copp.
0:59 of 2nd period - Stopped by Frederik Andersen with a rebound.
1:01 of 2nd period - Snap shot by Mathieu Joseph.
1:01 of 2nd period - Stopped by Frederik Andersen without a rebound.
1:02 of 2nd period - Nazem Kadri wins face-off versus Nicolas Roy in Rangers zone.
1:30 of 2nd period - Wrist shot by Josh Anderson.
1:30 of 2nd period - Stopped by Frederik Andersen with a rebound.
1:40 of 2nd period - Snap shot by Josh Anderson.
1:40 of 2nd period - Goal by Josh Anderson - Avalanche : 1 - Rangers : 1.
1:41 of 2nd period - Nazem Kadri wins face-off versus Andrew Copp in neutral zone.
1:56 of 2nd period - Snap shot by Nazem Kadri.
1:56 of 2nd period - Stopped by Thatcher Demko with a rebound.
2:18 of 2nd period - Snap shot by Joe Pavelski.
2:18 of 2nd period - Shot Misses the Net.
2:44 of 2nd period - Gustav Forsling is hit by Noah Dobson and loses puck.
3:32 of 2nd period - Snap shot by Philip Tomasino.
3:32 of 2nd period - Deflect By Brayden Point.
3:32 of 2nd period - Shot Blocked by Samuel Girard.
3:32 of 2nd period - Puck is out of play.
3:33 of 2nd period - Nazem Kadri wins face-off versus Andrew Copp in Avalanche zone.
3:42 of 2nd period - Backhand shot by Josh Anderson.
3:42 of 2nd period - Shot Misses the Net.
4:00 of 2nd period - Adam Pelech is hit by Nino Niederreiter and loses puck.
4:43 of 2nd period - Slapshot by Andrew Copp.
4:43 of 2nd period - Stopped by Frederik Andersen with a rebound.
4:45 of 2nd period - Slapshot by Matt Roy.
4:45 of 2nd period - Stopped by Frederik Andersen without a rebound.
4:46 of 2nd period - Andrew Copp wins face-off versus Nazem Kadri in Rangers zone.
4:47 of 2nd period - Wrist shot by Josh Anderson.
4:47 of 2nd period - Shot Blocked by Noah Dobson.
4:51 of 2nd period - Slapshot by Josh Anderson.
4:51 of 2nd period - Shot Blocked by Noah Dobson.
4:53 of 2nd period - Slapshot by Ryan McDonagh.
4:53 of 2nd period - Stopped by Frederik Andersen without a rebound.
4:54 of 2nd period - Andrew Copp wins face-off versus Nazem Kadri in Rangers zone.
5:05 of 2nd period - Wrist shot by Kyle Connor.
5:05 of 2nd period - Shot Misses the Net.
5:27 of 2nd period - Snap shot by Roope Hintz.
5:27 of 2nd period - Stopped by Thatcher Demko with a rebound.
5:29 of 2nd period - Snap shot by Brayden Schenn.
5:29 of 2nd period - Stopped by Thatcher Demko with a rebound.
5:31 of 2nd period - Snap shot by Noah Dobson.
5:31 of 2nd period - Shot Blocked by Sean Durzi.
6:30 of 2nd period - Brayden Schenn is hit by Ilya Mikheyev and loses puck.
6:41 of 2nd period - Snap shot by Brayden Schenn.
6:41 of 2nd period - Stopped by Thatcher Demko without a rebound.
6:42 of 2nd period - Andrew Copp wins face-off versus Nazem Kadri in Avalanche zone.
6:47 of 2nd period - Wrist shot by Nazem Kadri.
6:47 of 2nd period - Stopped by Thatcher Demko without a rebound.
6:48 of 2nd period - Nazem Kadri wins face-off versus Andrew Copp in Avalanche zone.
7:26 of 2nd period - Brayden Point is hit by Roope Hintz and loses puck.
8:07 of 2nd period - Snap shot by Kyle Connor.
8:07 of 2nd period - Stopped by Thatcher Demko with a rebound.
8:15 of 2nd period - Slapshot by Brayden Point.
8:15 of 2nd period - Stopped by Frederik Andersen with a rebound.
8:17 of 2nd period - Wrist shot by Ilya Mikheyev.
8:17 of 2nd period - Stopped by Frederik Andersen with a rebound.
8:19 of 2nd period - Slapshot by Matt Roy.
8:19 of 2nd period - Stopped by Frederik Andersen with a rebound.
8:21 of 2nd period - Wrist shot by Ilya Mikheyev.
8:21 of 2nd period - Shot Misses the Net.
8:23 of 2nd period - Wrist shot by Ivan Barbashev.
8:23 of 2nd period - Stopped by Frederik Andersen with a rebound.
8:33 of 2nd period - Snap shot by Ilya Mikheyev.
8:33 of 2nd period - Stopped by Frederik Andersen without a rebound.
8:34 of 2nd period - Andrew Copp wins face-off versus Roope Hintz in Rangers zone.
8:35 of 2nd period - Snap shot by Mathieu Joseph.
8:35 of 2nd period - Deflect By Andrew Copp.
8:35 of 2nd period - Shot Misses the Net.
8:35 of 2nd period - Puck is out of play.
8:36 of 2nd period - Andrew Copp wins face-off versus Roope Hintz in Rangers zone.
8:37 of 2nd period - Slapshot by Josh Anderson.
8:37 of 2nd period - Stopped by Frederik Andersen without a rebound.
8:38 of 2nd period - Andrew Copp wins face-off versus Roope Hintz in Rangers zone.
8:39 of 2nd period - Slapshot by Josh Anderson.
8:39 of 2nd period - Stopped by Frederik Andersen with a rebound.
9:35 of 2nd period - Backhand shot by Zach Parise.
9:35 of 2nd period - Shot Misses the Net.
9:45 of 2nd period - Andrew Copp is hit by Riley Sheahan and loses puck.
10:18 of 2nd period - Slapshot by Brayden Schenn.
10:18 of 2nd period - Shot Blocked by Sean Durzi.
10:48 of 2nd period - Slapshot by Sammy Blais.
10:48 of 2nd period - Shot Blocked by Rasmus Andersson.
10:50 of 2nd period - Slapshot by Mason Appleton.
10:50 of 2nd period - Stopped by Frederik Andersen without a rebound.
10:51 of 2nd period - Andrew Copp wins face-off versus Carter Verhaeghe in Rangers zone.
11:22 of 2nd period - Jordan Kyrou is hit by Ilya Mikheyev and loses puck.
11:29 of 2nd period - Gustav Forsling is hit by Nick Jensen and loses puck.
12:46 of 2nd period - Wrist shot by Jordan Kyrou.
12:46 of 2nd period - Stopped by Thatcher Demko without a rebound.
12:47 of 2nd period - Brayden Point wins face-off versus Nazem Kadri in Avalanche zone.
13:40 of 2nd period - Snap shot by Carter Verhaeghe.
13:40 of 2nd period - Stopped by Thatcher Demko with a rebound.
13:42 of 2nd period - Snap shot by Philip Tomasino.
13:42 of 2nd period - Shot Misses the Net.
13:44 of 2nd period - Wrist shot by Jason Spezza.
13:44 of 2nd period - Shot Misses the Net.
13:58 of 2nd period - Snap shot by Sammy Blais.
13:58 of 2nd period - Shot Misses the Net.
14:58 of 2nd period - Icing by Zach Parise.
14:59 of 2nd period - Jason Spezza wins face-off versus Nicolas Roy in Avalanche zone.
15:11 of 2nd period - Off-side.
15:12 of 2nd period - Nazem Kadri wins face-off versus Andrew Copp in neutral zone.
16:41 of 2nd period - Samuel Girard is hit by Rasmus Andersson and loses puck.
16:46 of 2nd period - Snap shot by Riley Sheahan.
16:46 of 2nd period - Shot Misses the Net.
17:02 of 2nd period - Snap shot by Brayden Schenn.
17:02 of 2nd period - Shot Misses the Net.
17:08 of 2nd period - Wrist shot by Roope Hintz.
17:08 of 2nd period - Shot Blocked by Samuel Girard.
17:26 of 2nd period - Wrist shot by Brayden Point.
17:26 of 2nd period - Deflect By Ilya Mikheyev.
17:26 of 2nd period - Shot Misses the Net.
17:26 of 2nd period - Puck is out of play.
17:27 of 2nd period - Nazem Kadri wins face-off versus Brayden Point in Rangers zone.
18:25 of 2nd period - Wrist shot by Ilya Mikheyev.
18:25 of 2nd period - Stopped by Frederik Andersen with a rebound.
18:35 of 2nd period - Snap shot by Carter Verhaeghe.
18:35 of 2nd period - Shot Hit the Post.
18:37 of 2nd period - Slapshot by Philip Tomasino.
18:37 of 2nd period - Stopped by Thatcher Demko without a rebound.
18:38 of 2nd period - Nazem Kadri wins face-off versus Josh Anderson in Avalanche zone.
19:28 of 2nd period - Snap shot by Joe Pavelski.
19:28 of 2nd period - Stopped by Thatcher Demko without a rebound.
19:29 of 2nd period - Riley Sheahan wins face-off versus Mason Appleton in Avalanche zone.
19:30 of 2nd period - Slapshot by Rasmus Andersson.
19:30 of 2nd period - Deflect By Radko Gudas.
19:30 of 2nd period - Stopped by Thatcher Demko with a rebound.
19:32 of 2nd period - Slapshot by Vinnie Hinostroza.
19:32 of 2nd period - Shot Misses the Net.
19:34 of 2nd period - Backhand shot by Noah Dobson.
19:34 of 2nd period - Deflect By Vinnie Hinostroza.
19:34 of 2nd period - Stopped by Thatcher Demko without a rebound.
19:35 of 2nd period - Andrew Copp wins face-off versus Riley Sheahan in Avalanche zone.
19:40 of 2nd period - Slapshot by Josh Anderson.
19:40 of 2nd period - Deflect By Andrew Copp.
19:40 of 2nd period - Stopped by Frederik Andersen without a rebound.
19:41 of 2nd period - Andrew Copp wins face-off versus Nazem Kadri in Rangers zone.
19:48 of 2nd period - Wrist shot by Jordan Kyrou.
19:48 of 2nd period - Stopped by Thatcher Demko with a rebound.
Goals for this period are 1 for Avalanche vs 0 for Rangers.
Shots for this period are 18 for Avalanche vs 13 for Rangers.

3rd period


0:01 of 3rd period - Andrew Copp wins face-off versus Kyle Connor in neutral zone.
0:28 of 3rd period - Slapshot by Noah Dobson.
0:28 of 3rd period - Shot Misses the Net.
0:30 of 3rd period - Slapshot by Rasmus Andersson.
0:30 of 3rd period - Stopped by Thatcher Demko without a rebound.
0:31 of 3rd period - Brayden Point wins face-off versus Roope Hintz in Avalanche zone.
0:31 of 3rd period - Brayden Point is hit by Roope Hintz.
0:41 of 3rd period - Snap shot by Ilya Mikheyev.
0:41 of 3rd period - Stopped by Frederik Andersen with a rebound.
0:43 of 3rd period - Snap shot by Sean Durzi.
0:43 of 3rd period - Stopped by Frederik Andersen without a rebound.
0:44 of 3rd period - Andrew Copp wins face-off versus Nazem Kadri in Rangers zone.
1:20 of 3rd period - Snap shot by Ilya Mikheyev.
1:20 of 3rd period - Shot Blocked by Adam Pelech.
1:22 of 3rd period - Snap shot by Brayden Point.
1:22 of 3rd period - Shot Misses the Net.
1:44 of 3rd period - Wrist shot by Roope Hintz.
1:44 of 3rd period - Stopped by Thatcher Demko with a rebound.
2:23 of 3rd period - Wrist shot by Sammy Blais.
2:23 of 3rd period - Shot Blocked by Joe Pavelski.
2:25 of 3rd period - Wrist shot by Mason Appleton.
2:25 of 3rd period - Stopped by Frederik Andersen with a rebound.
2:37 of 3rd period - Wrist shot by Alexander Barabanov.
2:37 of 3rd period - Stopped by Frederik Andersen without a rebound.
2:38 of 3rd period - Nazem Kadri wins face-off versus Andrew Copp in Rangers zone.
3:03 of 3rd period - Gustav Forsling is hit by Carter Verhaeghe and loses puck.
4:43 of 3rd period - Snap shot by Vinnie Hinostroza.
4:43 of 3rd period - Shot Blocked by Andrew Copp.
4:45 of 3rd period - Snap shot by Vinnie Hinostroza.
4:45 of 3rd period - Stopped by Thatcher Demko with a rebound.
4:47 of 3rd period - Snap shot by Riley Sheahan.
4:47 of 3rd period - Shot Misses the Net.
4:49 of 3rd period - Wrist shot by Riley Sheahan.
4:49 of 3rd period - Stopped by Thatcher Demko without a rebound.
4:50 of 3rd period - Riley Sheahan wins face-off versus Brayden Point in Avalanche zone.
5:01 of 3rd period - Snap shot by Vinnie Hinostroza.
5:01 of 3rd period - Stopped by Thatcher Demko without a rebound.
5:02 of 3rd period - Roope Hintz wins face-off versus Brayden Point in Avalanche zone.
6:02 of 3rd period - Off-side.
6:03 of 3rd period - Brayden Point wins face-off versus Nazem Kadri in neutral zone.
6:10 of 3rd period - Ilya Mikheyev is hit by Erik Karlsson and loses puck.
6:19 of 3rd period - Slapshot by Ilya Mikheyev.
6:19 of 3rd period - Stopped by Frederik Andersen without a rebound.
6:20 of 3rd period - Jason Spezza wins face-off versus Andrew Copp in Rangers zone.
6:25 of 3rd period - Slapshot by Erik Karlsson.
6:25 of 3rd period - Shot Blocked by Mathieu Joseph.
8:15 of 3rd period - Caleb Jones is hit by Nicolas Roy and loses puck.
8:32 of 3rd period - Wrist shot by Sammy Blais.
8:32 of 3rd period - Stopped by Frederik Andersen with a rebound.
8:34 of 3rd period - Wrist shot by Alexander Barabanov.
8:34 of 3rd period - Stopped by Frederik Andersen without a rebound.
8:35 of 3rd period - Nazem Kadri wins face-off versus Mason Appleton in Rangers zone.
8:48 of 3rd period - Slapshot by Kyle Connor.
8:48 of 3rd period - Shot Misses the Net.
8:58 of 3rd period - Snap shot by Sammy Blais.
8:58 of 3rd period - Shot Blocked by Nazem Kadri.
9:00 of 3rd period - Wrist shot by Ryan McDonagh.
9:00 of 3rd period - Shot Blocked by Nazem Kadri.
9:10 of 3rd period - Wrist shot by Sammy Blais.
9:10 of 3rd period - Stopped by Frederik Andersen without a rebound.
9:11 of 3rd period - Brayden Point wins face-off versus Roope Hintz in Rangers zone.
9:24 of 3rd period - Wrist shot by Joe Pavelski.
9:24 of 3rd period - Shot Blocked by Matt Roy.
9:26 of 3rd period - Wrist shot by Roope Hintz.
9:26 of 3rd period - Stopped by Thatcher Demko without a rebound.
9:27 of 3rd period - Andrew Copp wins face-off versus Kyle Connor in Avalanche zone.
9:44 of 3rd period - Jordan Kyrou is hit by Josh Anderson and loses puck.
9:57 of 3rd period - Snap shot by Joe Pavelski.
9:57 of 3rd period - Stopped by Thatcher Demko without a rebound.
9:58 of 3rd period - Brayden Point wins face-off versus Roope Hintz in Avalanche zone.
10:31 of 3rd period - Wrist shot by Ivan Barbashev.
10:31 of 3rd period - Stopped by Frederik Andersen without a rebound.
10:32 of 3rd period - Nazem Kadri wins face-off versus Nicolas Roy in Rangers zone.
10:43 of 3rd period - Nazem Kadri is hit by Matt Roy and loses puck.
11:03 of 3rd period - Wrist shot by Riley Sheahan.
11:03 of 3rd period - Stopped by Thatcher Demko without a rebound.
11:04 of 3rd period - Tyler Motte wins face-off versus Andrew Copp in Avalanche zone.
11:40 of 3rd period - Snap shot by Kyle Connor.
11:40 of 3rd period - Stopped by Thatcher Demko with a rebound.
12:18 of 3rd period - Snap shot by Carter Verhaeghe.
12:18 of 3rd period - Stopped by Thatcher Demko without a rebound.
12:19 of 3rd period - Nazem Kadri wins face-off versus Brayden Point in Avalanche zone.
12:34 of 3rd period - Ilya Mikheyev is hit by Jordan Kyrou and loses puck.
12:47 of 3rd period - Snap shot by Carter Verhaeghe.
12:47 of 3rd period - Deflect By Jason Spezza.
12:47 of 3rd period - Shot Misses the Net.
12:47 of 3rd period - Puck is out of play.
12:48 of 3rd period - Andrew Copp wins face-off versus Jason Spezza in Avalanche zone.
12:48 of 3rd period - Andrew Copp is hit by Carter Verhaeghe.
14:28 of 3rd period - Icing by Noah Dobson.
14:29 of 3rd period - Andrew Copp wins face-off versus Jason Spezza in Rangers zone.
14:56 of 3rd period - Slapshot by Brayden Point.
14:56 of 3rd period - Stopped by Frederik Andersen with a rebound.
14:58 of 3rd period - Wrist shot by Ivan Barbashev.
14:58 of 3rd period - Deflect By Brayden Point.
14:58 of 3rd period - Shot Misses the Net.
14:58 of 3rd period - Puck is out of play.
14:59 of 3rd period - Brayden Point wins face-off versus Nazem Kadri in Rangers zone.
15:11 of 3rd period - Minor Penalty to Nazem Kadri for Holding.
15:12 of 3rd period - Brayden Point wins face-off versus Riley Sheahan in Rangers zone.
15:18 of 3rd period - Snap shot by Ilya Mikheyev.
15:18 of 3rd period - Shot Blocked by Riley Sheahan.
17:11 of 3rd period - Penalty to Nazem Kadri is over, Nazem Kadri is back on ice.
17:43 of 3rd period - Mathieu Joseph is hit by Philip Tomasino and loses puck.
18:57 of 3rd period - Snap shot by Carter Verhaeghe.
18:57 of 3rd period - Shot Blocked by Brayden Point.
18:59 of 3rd period - Slapshot by Jason Spezza.
18:59 of 3rd period - Stopped by Thatcher Demko without a rebound.
19:00 of 3rd period - Jason Spezza wins face-off versus Sammy Blais in Avalanche zone.
19:15 of 3rd period - Wrist shot by Erik Karlsson.
19:15 of 3rd period - Stopped by Thatcher Demko with a rebound.
19:56 of 3rd period - Icing by Ilya Mikheyev.
19:57 of 3rd period - Roope Hintz wins face-off versus Alexander Barabanov in Avalanche zone.
Goals for this period are 0 for Avalanche vs 0 for Rangers.
Shots for this period are 10 for Avalanche vs 12 for Rangers.

Overtime #1


0:01 of 1st overtime period - Nazem Kadri wins face-off versus Brayden Point in neutral zone.
2:45 of 1st overtime period - Wrist shot by Carter Verhaeghe.
2:45 of 1st overtime period - Shot Blocked by Ryan McDonagh.
3:16 of 1st overtime period - Nino Niederreiter is hit by Nazem Kadri.
3:17 of 1st overtime period - Icing by Nino Niederreiter.
3:18 of 1st overtime period - Nazem Kadri wins face-off versus Ivan Barbashev in Avalanche zone.
3:19 of 1st overtime period - Slapshot by Brayden Schenn.
3:19 of 1st overtime period - Shot Blocked by Radko Gudas.
4:37 of 1st overtime period - Snap shot by Nino Niederreiter.
4:37 of 1st overtime period - Shot Misses the Net.
Goals for this period are 0 for Avalanche vs 0 for Rangers.
Shots for this period are 0 for Avalanche vs 0 for Rangers.

ShootOut


5:00 of 1st overtime period - Round #1.
5:00 of 1st overtime period - Avalanche, Brayden Point.
5:00 of 1st overtime period - Snap shot by Brayden Point.
5:00 of 1st overtime period - Shot Misses the Net.
5:00 of 1st overtime period - Rangers, Jason Spezza.
5:00 of 1st overtime period - Deke by Jason Spezza.
5:00 of 1st overtime period - Stopped by Thatcher Demko.
5:00 of 1st overtime period - Round #2.
5:00 of 1st overtime period - Avalanche, Andrew Copp.
5:00 of 1st overtime period - Snap shot by Andrew Copp.
5:00 of 1st overtime period - Shot Misses the Net.
5:00 of 1st overtime period - Rangers, Kyle Connor.
5:00 of 1st overtime period - Backhand shot by Kyle Connor.
5:00 of 1st overtime period - Goal by Kyle Connor.
5:00 of 1st overtime period - Round #3.
5:00 of 1st overtime period - Avalanche, Ivan Barbashev.
5:00 of 1st overtime period - Snap shot by Ivan Barbashev.
5:00 of 1st overtime period - Stopped by Frederik Andersen.




Output by the SimonT Hockey Simulator (STHS) for Alexandre Lamarre - Original Page W3C HTML5 Valid
Hockey Simulator - Hockey Simulation - Hockey Manager